 Dungeon Crawl Stone Soup version 0.29-a0-716-gf28ee254f9 (webtiles) character file.

Game seed: 13662425320217133663

625 Conn the Firebug (level 7, -1/41 (42) HPs)
             Began as an Octopode Fire Elementalist on June 26, 2022.
             Slain by a wight
             ... wielding a +2 battleaxe
              (2 damage)
             ... on level 5 of the Dungeon.
             The game lasted 00:10:30 (5691 turns).

Conn the Firebug (Octopode Fire Elementalist)       Turns: 5691, Time: 00:10:31

HP:   -1/41 (42)    AC:  1    Str:  7    XL:     7   Next: 47%
MP:   1/12          EV: 13    Int: 20    God:
Gold: 265           SH:  0    Dex: 12    Spells: 0/13 levels left

rFire   . . .      SeeInvis .   g - +2 dagger (flame)
rCold   . . .      Faith    .   (no shield)
rNeg    . . .      Spirit   .   (helmet restricted)
rPois   .          Reflect  .   (no amulet)
rElec   .          Harm     .   (no ring)
rCorr   .          Rampage  .   (no ring)
Will    .....                   (no ring)
Stlth   ++++......              (no ring)
HPRegen 0.13/turn               (no ring)
MPRegen 0.13/turn               (no ring)
                                (no ring)
                                (no ring)

@: mighty, lightly drained
A: almost no armour, amphibious, 8 rings, camouflage 1, gelatinous body 1,
(nimble swimmer 1), tentacles
a: no special abilities


You were on level 5 of the Dungeon.
You visited 1 branch of the dungeon, and saw 5 of its levels.

You collected 265 gold pieces.

Inventory:

Hand Weapons
 d - a +0 dagger
 g - a +2 dagger of flaming (weapon)
Wands
 i - a wand of digging (8)
 o - a wand of flame (20)
Scrolls
 e - a scroll of summoning {unknown}
 f - 4 scrolls of identify {unknown}
 h - 2 scrolls of immolation {unknown}
 n - 2 scrolls of teleportation {unknown}
Potions
 a - a potion of magic
 b - 2 potions of flight {unknown}
 c - 3 potions of curing
 j - a potion of mutation {unknown}
 k - a potion of degeneration {unknown}
 l - a potion of might
 m - a potion of brilliance {unknown}


   Skills:
 + Level 0.5 Fighting
 + Level 1.2 Short Blades
 + Level 2.2 Dodging
 + Level 4.4 Stealth
 + Level 3.9 Spellcasting
 + Level 3.6 Conjurations
 + Level 5.6 Fire Magic


You couldn't memorise any spells.
You knew the following spells:

 Your Spells              Type           Power      Damage    Failure   Level
a - Foxfire               Conj/Fire      88%        2x1d8     1%          1
b - Conjure Flame         Conj/Fire      22%        6-21      6%          3
c - Inner Flame           Hex/Fire       15%        N/A       12%         3
d - Flame Wave            Conj/Fire      22%        2d7       19%         4
e - Scorch                Fire           52%        2d7       1%          2

Your spell library contained the following spells:

 Spells                   Type           Power      Damage    Failure   Level
 Magic Dart               Conj           72%        1d6       3%          1
 Apportation              Tloc           6%         N/A       13%         1
 Necrotize                Necr           12%        1d4       13%         1
 Summon Small Mammal      Summ           12%        N/A       13%         1
 Call Imp                 Summ           3%         N/A       21%         2
 Mephitic Cloud           Conj/Pois/Air  8%         N/A       24%         3
 Ozocubu's Armour         Ice            3%         N/A       36%         3
 Ozocubu's Refrigeration  Ice            1%         4d5       100%        7


Dungeon Overview and Level Annotations

Branches:
Dungeon (5/15)
 Temple: D:4-7

Altars:


Innate Abilities, Weirdness & Mutations

You cannot wear most types of armour.
You are amphibious.
You can wear up to eight rings at the same time.
Your skin changes colour to match your surroundings (Stealth+).
Your rubbery body absorbs attacks. (AC +1, EV +1)
((You are camouflaged when in or above water. (Stealth+)))
You have tentacles for arms and can constrict up to eight enemies at once.


Message History

Confirm with . or Enter, or press ? or * to list all spells.
You don't know that spell.
Casting: Scorch (safe; 1% risk of failure)
Confirm with . or Enter, or press ? or * to list all spells.
You don't know that spell.
Casting: Scorch (safe; 1% risk of failure)
Confirm with . or Enter, or press ? or * to list all spells.
You don't know that spell.
Casting: Scorch (safe; 1% risk of failure)
Confirm with . or Enter, or press ? or * to list all spells.
You don't know that spell.
Casting: Scorch (safe; 1% risk of failure)
Confirm with . or Enter, or press ? or * to list all spells.
You don't know that spell.
Casting: Scorch (safe; 1% risk of failure)
Confirm with . or Enter, or press ? or * to list all spells.
You don't know that spell.
Casting: Scorch (safe; 1% risk of failure)
Confirm with . or Enter, or press ? or * to list all spells.
You don't know that spell.
Casting: Scorch (safe; 1% risk of failure)
Confirm with . or Enter, or press ? or * to list all spells.
You don't know that spell.
Casting: Scorch (safe; 1% risk of failure)
Confirm with . or Enter, or press ? or * to list all spells.
You don't know that spell.
Casting: Scorch (safe; 1% risk of failure)
Confirm with . or Enter, or press ? or * to list all spells.
You don't know that spell.
It was a potion of might.
You feel very mighty all of a sudden. The wight hits you with a +2 battleaxe!
* * * LOW HITPOINT WARNING * * *
You feel better. The wight barely misses you.
You hit the wight. You burn the wight. Your grab misses the wight.
The wight is almost destroyed.
The wight hits you with a +2 battleaxe!
* * * LOW HITPOINT WARNING * * *
You feel drained.
You die...

##############
#.....).?....###
.......##......####
..###.. #.#...z...#
.......#..#z##.#
#.#..####..#@##.######
#.#.z ....#.).......#
..... ###.#####.####.#
# ..## ###.#####.#
#.........#
#.......### ###
#....†..#
...##.......#
#..........#


You could see 2 wights.

Vanquished Creatures
  A phantom (D:4)
  2 scorpions (D:4)
  A hound (D:5)
  A jelly (D:3)
  Jessica (D:3)
  An iguana (D:5)
  Terence (D:2)
  3 orc wizards
  Robin (D:2)
  10 adders
  3 worms
  A dart slug (D:2)
  16 orcs
  10 ball pythons
  6 endoplasms
  4 giant cockroaches
  7 hobgoblins
  3 jackals (D:1)
  4 quokkas
  5 bats
  A frilled lizard (D:2)
  16 goblins
  7 kobolds
  3 rats (D:1)
108 creatures vanquished.

Vanquished Creatures (others)
  327 foxfires
327 creatures vanquished.

Grand Total: 435 creatures vanquished

Notes
Turn   | Place    | Note
-------+----------+-------------------------------------------
     0 | D:1      | Conn the Octopode Fire Elementalist began the quest for the
                  | Orb.
     0 | D:1      | Reached XP level 1. HP: 11/11 MP: 3/3
     5 | D:1      | Found a faded altar of an unknown god.
   457 | D:1      | Reached XP level 2. HP: 16/17 MP: 1/5
  1034 | D:1      | Reached XP level 3. HP: 21/21 MP: 3/6
  2108 | D:2      | Reached XP level 4. HP: 27/27 MP: 1/7
  2441 | D:2      | Reached skill level 4 in Fire Magic
  2527 | D:2      | Noticed Robin
  2535 | D:2      | Killed Robin
  2554 | D:2      | Reached XP level 5. HP: 15/31 MP: 3/9
  2809 | D:2      | Noticed Terence
  2814 | D:2      | Learned a level 2 spell: Scorch
  2818 | D:2      | Learned a level 3 spell: Conjure Flame
  2822 | D:2      | Learned a level 3 spell: Inner Flame
  2833 | D:2      | Killed Terence
  3241 | D:3      | Reached XP level 6. HP: 36/36 MP: 4/10
  3883 | D:3      | Noticed Jessica
  3886 | D:3      | Killed Jessica
  4908 | D:4      | Reached XP level 7. HP: 37/42 MP: 1/12
  5022 | D:4      | Reached skill level 5 in Fire Magic
  5036 | D:4      | Learned a level 4 spell: Flame Wave
  5409 | D:5      | Entered Level 5 of the Dungeon
  5612 | D:5      | Reached skill level 1 in Short Blades
  5691 | D:5      | HP: 1/42 [wight/+2 battleaxe (10)]
  5691 | D:5      | Slain by a wight

Illustrated notes

Levels and vault maps discovered:
D:1:      doesnt_arrival_eight_statues, layout_basic,
          chequers_ecumenical_altar_simple_redux
D:2:      layout_loops_cross, minmay_strange_pillars, uniq_terence, uniq_robin
D:3:      layout_basic, uniq_jessica
D:4:      layout_rooms
D:5:      layout_loops_cross, nicolae_overflow_hallway_of_the_gods

Skill      XL: |  1  2  3  4  5  6  7 |
---------------+----------------------+-----
Stealth        | 3 4 |  4.4
Conjurations   | 2 3 |  3.6
Fire Magic     | 4 5 |  5.6
Spellcasting   | 3 |  3.9
Short Blades   | 1 |  1.2
Fighting       | |  0.5
Dodging        | |  2.2

Action                   |  1- 3 |  4- 6 |  7- 9 || total
-------------------------+-------+-------+-------++-------
Melee: Unarmed           |     5 |       |       ||     5
       Constrict         |     2 |     7 |     1 ||    10
       Dagger            |     4 |    37 |     7 ||    48
       Tentacles         |     1 |     5 |       ||     6
       Punch             |       |     1 |       ||     1
 Cast: Foxfire           |    89 |   100 |    14 ||   203
       Scorch            |       |     3 |     7 ||    10
       Conjure Flame     |       |     1 |       ||     1
  Use: Potion            |       |     1 |     2 ||     3
 Stab: Sleeping          |     1 |     4 |     3 ||     8
       Distracted        |       |       |     1 ||     1
Armor: Skin              |     2 |     4 |     1 ||     7
Dodge: Dodged            |    10 |    23 |     6 ||    39

Table legend: (Time is in decaauts)
 A = Elapsed time spent in this place.
 B = Non-inter-level travel time spent in this place.
 C = Inter-level travel time spent in this place.
 D = Time resting spent in this place.
 E = Time spent auto-exploring this place.
 F = Levels seen in this place.
 G = Mean time per level.
                   A        B        C        D        E       F      G
               +--------+--------+--------+--------+--------+-----+--------+
         Total |   5688 |   5544 |    144 |      0 |   4626 |   5 | 1137.6 |
       Dungeon |   5688 |   5544 |    144 |      0 |   4626 |   5 | 1137.6 |
               +--------+--------+--------+--------+--------+-----+--------+

Top non-repeatable levels by time:
     D:2: 1559 daAuts
     D:1: 1468 daAuts
     D:3: 1403 daAuts
     D:4: 975 daAuts
     D:5: 281 daAuts
